 Dungeon Crawl Stone Soup version 0.30-a0-165-g1891117ce2 (webtiles) character file.

Game seed: 7137534191112671556

79 ragingrage the Sneak (level 4, -4/26 HPs)
             Began as a Kobold Brigand on Sept 28, 2022.
             Frozen to death by an endoplasm (5 damage)
             ... on level 2 of the Dungeon.
             The game lasted 00:01:37 (2049 turns).

ragingrage the Sneak (Kobold Brigand)               Turns: 2049, Time: 00:01:38

Health: -4/26      AC:  3    Str:  8    XL:     4   Next: 62%
Magic:  4/4        EV: 14    Int: 12    God:
Gold:   30         SH:  0    Dex: 18    Spells: 3/3 levels left

rFire   + . .      SeeInvis .    a - +2 dagger
rCold   . . .      Faith    .    (no shield)
rNeg    . . .      Spirit   .    l - +0 robe
rPois   .          Reflect  .    (no helmet)
rElec   .          Harm     .    c - +0 cloak
rCorr   .          Rampage  .    (no gloves)
Will    .....                    (no boots)
Stlth   ++++......               (no amulet)
HPRegen 0.08/turn                k - ring of protection from fire
MPRegen 0.09/turn                (no ring)

@: brilliant, on berserk cooldown, invisible
A: small, no large weapons, nightstalker 3
a: no special abilities


You were on level 2 of the Dungeon.
You visited 1 branch of the dungeon, and saw 2 of its levels.

You collected 30 gold pieces.

Inventory:

Hand Weapons
 a - a +2 dagger (weapon)
 b - a +0 rapier
Missiles
 d - 5 poisoned darts (quivered)
 e - 3 curare-tipped darts
Armour
 c - a +0 cloak (worn)
 l - a +0 robe (worn)
Jewellery
 k - a ring of protection from fire (left hand)
Scrolls
 f - a scroll of vulnerability {unknown}
Potions
 i - a potion of brilliance


   Skills:
 - Level 2.1 Fighting
 + Level 4.1 Short Blades
 + Level 3.3 Throwing
 - Level 1.2 Dodging
 + Level 6.3 Stealth


You had 3 spell levels left.
You didn't know any spells.
Your spell library contained the following spells:

 Spells                   Type           Power      Damage    Failure   Level
 Frozen Ramparts          Ice            0%         1d1       69%         3
 Ice Form                 Ice/Tmut       0%         N/A       97%         4
 Summon Ice Beast         Ice/Summ       0%         N/A       97%         4


Dungeon Overview and Level Annotations

Branches:
Dungeon (2/15)

Altars:


Innate Abilities, Weirdness & Mutations

You are small and have problems with some larger weapons.
You are completely attuned to the shadows.


Message History

* * * LOW HITPOINT WARNING * * *
You barely miss the kobold. You hit the kobold but do no damage.
The kobold hits you with a +0 short sword.
* * * LOW HITPOINT WARNING * * *
You barely miss the kobold. The kobold hits you but does no damage.
It was a potion of magic.
Magic courses through your body. The kobold barely misses you.
It was a potion of invisibility.
You fade into invisibility!
The kobold misses you.
The gnoll shoots a sling bullet.
The sling bullet hits the kobold!
The kobold dies!
An endoplasm comes into view.
The gnoll unwields a +0 sling.
The gnoll completely misses you.
Things that are here:
a +0 short sword; a kobold corpse The endoplasm quivers.
You hit the gnoll.
The gnoll is moderately wounded.
The gnoll misses you.
You strike the helpless gnoll from behind!
You impale the gnoll!!
You kill the gnoll!
Throw: 7 darts (poison)
Press: ? - help, Q - select action, (/) - cycle Shift-Dir - straight line, f - endoplasm
Aim: an endoplasm (87% to hit)
You throw a poisoned dart. The poisoned dart hits the endoplasm.
Throw: 6 darts (poison)
Press: ? - help, Q - select action, (/) - cycle Shift-Dir - straight line, f/p - endoplasm
Aim: an endoplasm (87% to hit)
You throw a poisoned dart. The poisoned dart hits the endoplasm.
You hit the endoplasm.
The endoplasm is almost dead.
The endoplasm freezes you.
* * * LOW HITPOINT WARNING * * *
You hit the endoplasm but do no damage.
The endoplasm is almost dead.
The endoplasm freezes you.
You die...

..'......>...######
..#.)......#......#
###........#......#
#........#......#
#######..#†(....#
#.)†...# .##.......
#......#+##
.....(J@.#
###..###.####
.............
###...#.#....#
.....#.####.#
#.....# .# ######
##.#### .....#
#..... ####.#
#.....


You could see an endoplasm.

Vanquished Creatures
  4 gnolls
  A worm (D:2)
  3 bats
  2 endoplasms (D:1)
  A giant cockroach (D:1)
  2 goblins (D:1)
  2 hobgoblins
  3 jackals (D:1)
  4 kobolds
  4 quokkas (D:1)
  3 ball pythons (D:1)
  4 frilled lizards
  6 rats
39 creatures vanquished.

Vanquished Creatures (others)
  A kobold (D:2)
1 creature vanquished.

Grand Total: 40 creatures vanquished

Notes
Turn   | Place    | Note
-------+----------+-------------------------------------------
     0 | D:1      | ragingrage the Kobold Brigand began the quest for the Orb.
     0 | D:1      | Reached XP level 1. HP: 12/12 MP: 1/1
    76 | D:1      | Reached XP level 2. HP: 16/17 MP: 2/2
   343 | D:1      | Reached XP level 3. HP: 21/21 MP: 3/3
  1538 | D:1      | Reached skill level 6 in Stealth
  1566 | D:2      | Reached XP level 4. HP: 11/26 MP: 4/4
  2039 | D:2      | HP: 1/26 [kobold/+0 short sword (4)]
  2048 | D:2      | HP: 1/26 [frozen (1)]
  2049 | D:2      | Frozen to death by an endoplasm

Illustrated notes

Levels and vault maps discovered:
D:1:      amcnicky_arrival_single_pillar, layout_loops_ring
D:2:      layout_basic, grunt_decor_junction

Skill      XL: |  1  2  3  4 |
---------------+-------------+-----
Short Blades   | 3 4 |  4.1
Throwing       | 3 |  3.3
Stealth        | 6 |  6.3
Fighting       | |  2.1
Dodging        | |  1.2

Action                   |  1- 3 |  4- 6 || total
-------------------------+-------+-------++-------
Melee: Dagger            |    64 |    34 ||    98
       Punch             |       |     2 ||     2
Throw: Dart              |     3 |     4 ||     7
  Use: Potion            |       |     4 ||     4
 Stab: Sleeping          |    18 |     4 ||    22
       Invisible         |       |     1 ||     1
Armor: Robe              |     9 |     2 ||    11
Dodge: Dodged            |    48 |    15 ||    63

Table legend: (Time is in decaauts)
 A = Elapsed time spent in this place.
 B = Non-inter-level travel time spent in this place.
 C = Inter-level travel time spent in this place.
 D = Time resting spent in this place.
 E = Time spent auto-exploring this place.
 F = Levels seen in this place.
 G = Mean time per level.
                   A        B        C        D        E       F      G
               +--------+--------+--------+--------+--------+-----+--------+
         Total |   2048 |   2035 |     13 |    740 |    986 |   2 | 1024.0 |
       Dungeon |   2048 |   2035 |     13 |    740 |    986 |   2 | 1024.0 |
               +--------+--------+--------+--------+--------+-----+--------+

Top non-repeatable levels by time:
     D:1: 1414 daAuts
     D:2: 633 daAuts
